 Dungeon Crawl Stone Soup version 0.21-a0-352-g5b8f553 (webtiles) character file.

478 Dfrag the Firebug (level 6, -1/41 HPs)
             Began as a Demonspawn Fire Elementalist on Oct 11, 2017.
             Splashed by an oklob sapling's acid (9 damage)
             ... on level 5 of the Dungeon.
             The game lasted 00:05:34 (3768 turns).

Dfrag the Firebug (Demonspawn Fire Elementalist)    Turns: 3768, Time: 00:05:38

Health: -1/41      AC: -1    Str:  9    XL:     6   Next: 86%
Magic:  5/12       EV: 12    Int: 18    God:
Gold:   144        SH:  0    Dex: 13    Spells: 5/13 levels left

rFire    . . .     SeeInvis .   k - -3 short sword (curse)
rCold    + . .     Gourm    .   (no shield)
rNeg     . . .     Faith    .   a - +0 robe
rPois    .         Spirit   .   d - +0 helmet
rElec    .         Reflect  .   (no cloak)
rCorr    .         Harm     .   (no gloves)
MR       .....                  (no boots)
Stlth    ++........             (no amulet)
HPRegen  0.13/turn              u - ring of protection from cold
MPRegen  0.13/turn              (no ring)

@: corroded
A: claws 1, powered by death 1
a: no special abilities


You were on level 5 of the Dungeon.
You were not hungry.

You visited 1 branch of the dungeon, and saw 5 of its levels.

You collected 144 gold pieces.

Inventory:

Hand Weapons
 g - a +0 falchion
 k - a cursed -3 short sword (weapon)
 v - a cursed -2 rapier
Armour
 a - a +0 robe (worn)
 d - a +0 helmet (worn)
Jewellery
 u - a ring of protection from cold (left claw)
Wands
 x - a wand of disintegration (10/24)
 y - a wand of flame (7/48)
Scrolls
 e - 3 scrolls of amnesia
 f - a scroll of identify
 l - 5 scrolls of teleportation
 o - a scroll of random uselessness {unknown}
 p - 2 scrolls of magic mapping
 q - 5 scrolls of enchant armour
 s - a scroll of recharging
 t - a scroll of remove curse {unknown}
 B - a scroll of fear {unknown}
Potions
 h - a potion of lignification {unknown}
 i - a potion of curing {unknown}
 j - 2 potions of brilliance {unknown}
 n - a potion of heal wounds {unknown}
 w - a potion of haste {unknown}
 A - 2 potions of cancellation {unknown}
Books
 b - a book of Flames

   Spells                             Type                      Level
   a - Flame Tongue                   Conjuration/Fire             1
   b - Throw Flame                    Conjuration/Fire             2
   c - Conjure Flame                  Conjuration/Fire             3
   d - Inner Flame                    Hexes/Fire                   3
   e - Sticky Flame                   Conjuration/Fire             4
   f - Fireball                       Conjuration/Fire             5
Comestibles
 c - 4 bread rations
 m - 2 royal jellies
 r - 2 meat rations
 z - a chunk of flesh


   Skills:
 - Level 1.7 Dodging
 - Level 1.7 Stealth
 + Level 4.2 Spellcasting
 + Level 4.1 Conjurations
 + Level 4.6 Fire Magic


You had 5 spell levels left.
You knew the following spells:

 Your Spells              Type           Power        Failure   Level  Hunger
a - Flame Tongue          Conj/Fire      ###..        2%          1    None
b - Conjure Flame         Conj/Fire      ###.....     7%          3    ###....
c - Sticky Flame          Conj/Fire      ###.....     24%         4    ####...


Dungeon Overview and Level Annotations

Branches:
Dungeon (5/15)             Temple (0/1) D:5

Altars:

Annotations:
D:3 narcow's ghost, novice DsBe
D:5 exclusion: oklob sapling


Innate Abilities, Weirdness & Mutations

You have sharp fingernails.
You regenerate a little health from kills.


Message History

The sticky flame hits the oklob sapling.
The oklob sapling appears unharmed.
The oklob sapling is covered in liquid flames!
The oklob sapling burns!
You hit the oklob sapling but do no damage.
The oklob sapling is moderately damaged.
The oklob sapling burns!
The oklob sapling spits acid at you. The splash of acid hits you!
You are splashed with acid!
The acid burns!
You hit the oklob sapling but do no damage.
The oklob sapling is heavily damaged.
The oklob sapling burns!
You hit the oklob sapling but do no damage.
The oklob sapling is almost destroyed.
The oklob sapling burns!
The oklob sapling spits acid at you. The splash of acid hits you!
* * * LOW HITPOINT WARNING * * *
The acid corrodes you!
You are splashed with acid!
The acid burns!
You die...

#############..#
#. ##..# #...#
###.#.# .
####.....#..#
#.P).P.P...#
#..P.PP.####
#[PP..P.#!..
#.P.@PPP..#
#PPPPP.P....
#..PPPP..###
#.P.PP...#
#....##.)##
#.... ..# #....
.## #...# ..


You could see an oklob sapling (burning).

Vanquished Creatures
  A phantom (D:4)
  An ogre (D:2)
  An orc wizard (D:4)
  Ijyb (D:4)
  2 worker ants (D:4)
  A hound skeleton (D:4)
  A howler monkey skeleton (D:4)
  9 adders
  3 gnolls (D:3)
  An ooze (D:3)
  A dart slug (D:1)
  3 leopard geckos
  4 orcs
  5 bats
  2 giant cockroaches (D:1)
  13 goblins
  5 hobgoblins
  11 kobolds
  3 quokkas
  7 frilled lizards
  6 rats
  A plant (D:5)
82 creatures vanquished.

Notes
Turn   | Place    | Note
-------+----------+-------------------------------------------
     0 | D:1      | Dfrag the Demonspawn Fire Elementalist began the quest for the Orb.
     0 | D:1      | Reached XP level 1. HP: 13/13 MP: 3/3
   247 | D:1      | Gained mutation: You regenerate a little health from kills. [demonic ancestry]
   247 | D:1      | Reached XP level 2. HP: 19/19 MP: 3/5
   756 | D:1      | Gained mutation: You have sharp fingernails. [demonic ancestry]
   756 | D:1      | Reached XP level 3. HP: 23/24 MP: 0/6
  1040 | D:2      | Reached XP level 4. HP: 14/30 MP: 0/8
  1192 | D:2      | Noticed an ogre
  1199 | D:2      | Learned a level 3 spell: Conjure Flame
  1204 | D:2      | Learned a level 4 spell: Sticky Flame
  1316 | D:2      | Killed an ogre
  1316 | D:2      | Reached XP level 5. HP: 35/35 MP: 4/9
  2346 | D:3      | Noticed narcow's ghost (novice DsBe)
  2579 | D:4      | Reached XP level 6. HP: 41/41 MP: 4/11
  3331 | D:4      | Noticed Ijyb
  3346 | D:4      | Killed Ijyb
  3532 | D:5      | Entered Level 5 of the Dungeon
  3548 | D:5      | Found a staircase to the Ecumenical Temple.
  3768 | D:5      | Splashed by an oklob sapling's acid

Vault maps used:
D:1:      lightli_arrival_chessboard, minmay_misc_feat_tiny,
          minmay_stone_trees_small, minmay_misc_feat_iff,
          kennysheep_nondescript, hangedman_decor_points,
          minmay_misc_feat_hallway
D:2:      first_bread, serial_forest, infiniplex_forest_diagonal,
          infiniplex_forest_clump_small, infiniplex_forest_straight_2,
          infiniplex_forest_lined_corner, infiniplex_forest_zigzag_1,
          infiniplex_forest_lined_ring, infiniplex_forest_lined_corner,
          infiniplex_forest_clump_small, infiniplex_forest_zigzag_1,
          infiniplex_forest_lined_room_, hangedman_decor_peaks_small
D:4:      grunt_decor_mini_mirrors, hangedman_decor_lopped,
          minmay_close_crescents, uniq_ijyb
D:5:      minmay_temple_entry_oklob

Skill      XL: |  1  2  3  4  5  6 |
---------------+-------------------+-----
Fire Magic     | 3 4 |  4.6
Conjurations   | 2 3 4 |  4.1
Spellcasting   | 3 4 |  4.2
Dodging        | |  1.7
Stealth        | |  1.7

Action                   |  1- 3 |  4- 6 || total
-------------------------+-------+-------++-------
Melee: Unarmed           |    44 |       ||    44
       Falchion          |     9 |     1 ||    10
       Short sword       |       |   114 ||   114
 Cast: Flame Tongue      |    58 |   110 ||   168
       Sticky Flame      |       |     8 ||     8
  Use: Scroll            |       |     5 ||     5
 Stab: Sleeping          |     1 |       ||     1
  Eat: Chunk             |     1 |    10 ||    11
Armor: Robe              |    12 |    21 ||    33
Dodge: Dodged            |    58 |    90 ||   148
       Rpst.: Falchion   |     7 |     1 ||     8

Table legend:
 A = Spawn XP
 B = Non-spawn XP
 C = Spawn XP percentage of total XP
 D = Spawn monster count
 E = Non-spawn monster count
 F = Spawn count percentage of total count
 G = Total turns spent on level
                    A         B        C        D         E        F      G
               +---------+---------+-------+---------+---------+-------+---------
         Total |       0 |     684 |   0.0 |       0 |      81 |   0.0 |  3768
               +---------+---------+-------+---------+---------+-------+---------
           D:1 |       0 |      45 |   0.0 |       0 |      26 |   0.0 |   917
           D:2 |       0 |     192 |   0.0 |       0 |      24 |   0.0 |   917
           D:3 |       0 |      74 |   0.0 |       0 |      13 |   0.0 |   521
           D:4 |       0 |     345 |   0.0 |       0 |      15 |   0.0 |  1177
           D:5 |       0 |      28 |   0.0 |       0 |       3 |   0.0 |   236
               +---------+---------+-------+---------+---------+-------+---------
